Sénateurs vs Sharks
Created - 4 janvier 2014 at 10:08
Goals
|
| Sénateurs |
5 |
3 |
0 |
8 |
| Sharks |
2 |
2 |
1 |
5 |
|
Shots
|
| Sénateurs |
10 |
14 |
14 |
38 |
| Sharks |
16 |
6 |
10 |
32 |
|
1st period
1. Sénateurs , Todd Bertuzzi 11 (Andy McDonald, Keith Ballard) at 6:46
2. Sharks , Ryan Callahan 3 (David Krejci, Alex Pietrangelo) at 9:36
3. Sénateurs , Todd Bertuzzi 12 (Andy McDonald, Toni Lydman) at 11:04
4. Sénateurs , Dan Hinote 3 (Travis Moen, Vernon Fiddler) at 13:42
5. Sharks , Dany Heatley 19 (Henrik Sedin) at 15:20
6. Sénateurs , Andy McDonald 10 (Vitaly Vishnevsky) at 15:36
7. Sénateurs , Nikita Alexeev 13 (Richard Jackman, Vitaly Vishnevsky) at 16:27
Penalties :
Dany Heatley (SJS) for High sticking (Minor) at 3:25, Georges Laraque (SJS) for Hooking (Minor) at 19:09
2nd period
8. Sénateurs , Daymond Langkow 24 (Richard Jackman, Andy McDonald) at 0:12 (PP)
9. Sénateurs , Andy McDonald 11 (Daymond Langkow) at 8:40
10. Sénateurs , Paul Gaustad 12 (Richard Jackman) at 9:38
11. Sharks , Tomas Fleischmann 5 (Adam Mair, Patrick Eaves) at 14:36
12. Sharks , Dany Heatley 20 (Henrik Sedin, Filip Kuba) at 16:34 (PP)
Penalties :
Henrik Sedin (SJS) for Fighting (Major) at 8:48, Todd Bertuzzi (Ott) for Fighting (Major) at 8:48, Andy McDonald (Ott) for Interference (Minor) at 16:16, Adam Pardy (SJS) for Roughing (Minor) at 19:33
3rd period
13. Sharks , Daniel Sedin 11 (Mikko Koivu) at 6:07
Penalties :
Sami Kapanen (Ott) for Hooking (Minor) at 2:42, Dany Heatley (SJS) for Roughing (Minor) at 6:18, Andy McDonald (Ott) for Delaying the game (Minor) at 18:28
Goalie Stats
Jonas Hiller (Ott), 27 saves from 32 shots - (0,844), W, 15-10-2, 60:00 minutes
Martin Biron (SJS), 10 saves from 14 shots - (0,714), L, 7-4-4, 14:02 minutes
Tyler Weiman (SJS), 20 saves from 24 shots - (0,833), 45:58 minutes
Players Stats for Sénateurs
Player Name G A P +/- PIM S H SB GA TA FO MP PP MP PK MP
------------------------------------------------------------------------------------
Andy McDonald 2 3 5 3 4 6 1 1 0 0 0/1 21:32 4:02 0:47
Chris Kelly 0 0 0 -1 0 3 1 0 0 0 5/12 17:24 2:58 1:07
Dan Girardi 0 0 0 -1 0 1 2 0 0 0 0/0 12:49 0:00 0:07
Dan Hinote 1 0 1 1 0 1 0 0 0 1 0/0 8:56 0:00 0:00
Daymond Langkow 1 1 2 3 0 6 1 1 0 0 16/37 22:54 4:02 2:07
Jay McKee 0 0 0 0 0 2 0 0 0 0 0/0 19:22 2:58 1:31
Keith Ballard 0 1 1 -1 0 0 0 0 1 1 0/0 12:49 0:00 0:07
Nikita Alexeev 1 0 1 0 0 3 2 0 0 0 0/0 11:43 0:00 1:00
Paul Gaustad 1 0 1 1 0 3 0 1 0 1 2/3 11:22 0:00 0:00
Ray Whitney 0 0 0 -1 0 1 1 0 0 0 0/1 16:45 2:58 0:28
Richard Jackman 0 3 3 4 0 1 1 3 0 1 0/0 27:49 4:02 2:10
Sami Kapanen 0 0 0 -1 2 0 0 1 0 0 0/0 16:16 2:58 0:00
Todd Bertuzzi 2 0 2 2 5 6 0 0 0 0 1/5 20:45 4:02 2:07
Toni Lydman 0 1 1 0 0 1 0 2 1 0 0/0 19:22 2:58 1:31
Travis Moen 0 1 1 1 0 0 1 0 2 0 0/0 8:56 0:00 0:00
Vernon Fiddler 0 1 1 1 0 1 0 0 0 1 0/2 9:23 0:00 0:00
Ville Nieminen 0 0 0 0 0 2 0 0 0 0 0/0 10:12 0:00 0:00
Vitaly Vishnevsky 0 2 2 4 0 1 1 1 0 1 0/0 27:49 4:02 2:10
Players Stats for Sharks
Player Name G A P +/- PIM S H SB GA TA FO MP PP MP PK MP
------------------------------------------------------------------------------------
Adam Mair 0 1 1 -2 0 0 2 0 0 0 2/3 13:37 0:00 2:21
Adam Pardy 0 0 0 0 2 0 1 1 0 0 0/0 18:18 1:18 2:27
Alex Pietrangelo 0 1 1 2 0 2 1 1 0 1 0/0 13:21 0:00 0:00
Andrei Markov 0 0 0 0 0 0 0 0 2 0 0/0 18:43 1:18 2:51
Daniel Sedin 1 0 1 0 0 1 3 0 0 0 0/0 16:07 1:36 2:19
Dany Heatley 2 0 2 0 4 6 4 0 0 0 4/6 21:08 2:12 2:22
David Krejci 0 1 1 -1 0 4 1 0 1 0 5/6 10:50 0:00 1:38
Filip Kuba 0 1 1 -5 0 0 2 2 0 0 0/0 27:56 2:30 4:09
Georges Laraque 0 0 0 0 2 2 3 0 0 0 0/1 19:15 2:12 0:46
Henrik Sedin 0 2 2 0 5 7 0 1 0 1 19/28 20:48 2:12 4:12
Ian Laperriere 0 0 0 0 0 0 3 0 0 1 0/1 13:46 1:36 0:00
Joni Pitkanen 0 0 0 -5 0 3 0 1 1 0 0/0 27:56 2:30 4:09
Martin Samuelsson 0 0 0 -1 0 3 1 0 1 0 0/0 9:37 0:00 0:11
Michael Stone 0 0 0 2 0 1 0 0 0 0 0/0 13:46 0:00 0:24
Mikko Koivu 0 1 1 0 0 0 0 0 1 0 7/11 14:13 1:36 0:11
Patrick Eaves 0 1 1 -2 0 1 1 0 0 1 0/0 11:38 0:00 0:00
Ryan Callahan 1 0 1 -1 0 1 1 0 0 0 0/1 9:10 0:00 0:00
Tomas Fleischmann 1 0 1 -2 0 1 0 0 0 0 0/4 12:46 0:00 0:00
3 Stars
1 - Andy McDonald (Ott)
2 - Richard Jackman (Ott)
3 - Daymond Langkow (Ott)
Power Play
Sénateurs - 1 on 4 Attempt(s) - 25,00%
Sharks - 1 on 3 Attempt(s) - 33,33%
Penalty Kill
Sénateurs - 2 on 3 Attempt(s) - 66,67%
- Score 0 goal in Penalty Kill
Sharks - 3 on 4 Attempt(s) - 75,00%
- Score 0 goal in Penalty Kill
Official
Referees : Marouelli Dan and Leggo Mike
Linesman : Lonnie Cameron and Brian Mach
Game Notes
Martin Biron enters game at 15:36 of 1st period
Henrik Sedin beats up Todd Bertuzzi at 8:48 of 2nd period
Tyler Weiman enters game at 9:38 of 2nd period
Finance
Level 1 -- Attendance: 5438 (90,63%) -- Ticket Income 462 230 $
Level 2 -- Attendance: 4026 (80,52%) -- Ticket Income 213 378 $
Level 3 -- Attendance: 1427 (71,35%) -- Ticket Income 48 518 $
Level 4 -- Attendance: 3814 (95,35%) -- Ticket Income 72 466 $
Luxury Box -- Attendance: 781 (78,10%) -- Ticket Income 140 580 $
Game was played at the Hockey Place Center
Total Attendance: 15486 (86,03%)
Total Ticket Income: 937 172 $
Other Income: 140 576 $
Total Income: 1 077 748 $
Sénateurs
5 vs 5 Forward
Center Left Wing Right Wing Time % Phy DF OF
1 Daymond Langkow Andy McDonald Todd Bertuzzi 40 1 2 2
2 Chris Kelly Ray Whitney Sami Kapanen 30 1 2 2
3 Paul Gaustad Ville Nieminen Nikita Alexeev 20 1 2 2
4 Vernon Fiddler Travis Moen Dan Hinote 10 1 2 2
5 vs 5 Defense
Defense Defense Time % Phy DF OF
1 Vitaly Vishnevsky Richard Jackman 40 1 2 2
2 Jay McKee Toni Lydman 30 1 2 2
3 Dan Girardi Keith Ballard 20 1 2 2
4 Vitaly Vishnevsky Richard Jackman 10 1 2 2
PowerPlay Forward
Center Left Wing Right Wing Time % Phy DF OF
1 Daymond Langkow Andy McDonald Todd Bertuzzi 60 1 2 2
2 Chris Kelly Ray Whitney Sami Kapanen 40 1 2 2
PowerPlay Defense
Defense Defense Time % Phy DF OF
1 Vitaly Vishnevsky Richard Jackman 60 1 2 2
2 Jay McKee Toni Lydman 40 1 2 2
Penalty Kill 4 Players Forward
Center Wing Time % Phy DF OF
1 Todd Bertuzzi Daymond Langkow 60 1 2 2
2 Andy McDonald Chris Kelly 40 1 2 2
Penalty Kill 4 Players Defense
Defense Defense Time % Phy DF OF
1 Vitaly Vishnevsky Richard Jackman 60 1 2 2
2 Jay McKee Toni Lydman 40 1 2 2
Penalty Kill - 3 Players Forward
Forward Time % Phy DF OF
1 Todd Bertuzzi 60 1 2 2
2 Daymond Langkow 40 1 2 2
Penalty Kill - 3 Players Defense
Defense Defense Time % Phy DF OF
1 Vitaly Vishnevsky Richard Jackman 60 1 2 2
2 Jay McKee Toni Lydman 40 1 2 2
4 vs 4 Forward
Center Wing Time % Phy DF OF
1 Todd Bertuzzi Daymond Langkow 60 1 2 2
2 Andy McDonald Chris Kelly 40 1 2 2
4 vs 4 Defense
Defense Defense Time % Phy DF OF
1 Vitaly Vishnevsky Richard Jackman 60 1 2 2
2 Jay McKee Toni Lydman 40 1 2 2
Last Minutes Offensive
Center Left Wing Right Wing Defense Defense
Daymond Langkow Andy McDonald Todd Bertuzzi Vitaly Vishnevsky Richard Jackman
Last Minutes Defensive
Center Left Wing Right Wing Defense Defense
Daymond Langkow Andy McDonald Todd Bertuzzi Vitaly Vishnevsky Richard Jackman
Goaltenders
Starting : Jonas Hiller
Backup : Maxime Ouellet
Extra Forwards
Normal : Paul Gaustad, Vernon Fiddler, Nikita Alexeev - PP : Paul Gaustad, Vernon Fiddler - PK : Nikita Alexeev
Extra Defensemen
Normal : Dan Girardi, Keith Ballard, Jay McKee - PP : Dan Girardi - PK : Keith Ballard, Jay McKee
Penalty Shots
Todd Bertuzzi, Daymond Langkow, Andy McDonald, Chris Kelly, Paul Gaustad
Sharks
5 vs 5 Forward
Center Left Wing Right Wing Time % Phy DF OF
1 Henrik Sedin Dany Heatley Georges Laraque 40 1 2 2
2 Mikko Koivu Daniel Sedin Ian Laperriere 30 1 2 2
3 Adam Mair Tomas Fleischmann Patrick Eaves 20 1 2 2
4 David Krejci Martin Samuelsson Ryan Callahan 10 1 2 2
5 vs 5 Defense
Defense Defense Time % Phy DF OF
1 Joni Pitkanen Filip Kuba 40 1 2 2
2 Andrei Markov Adam Pardy 30 1 2 2
3 Alex Pietrangelo Michael Stone 20 1 2 2
4 Joni Pitkanen Filip Kuba 10 1 2 2
PowerPlay Forward
Center Left Wing Right Wing Time % Phy DF OF
1 Henrik Sedin Dany Heatley Georges Laraque 60 1 2 2
2 Mikko Koivu Daniel Sedin Ian Laperriere 40 1 2 2
PowerPlay Defense
Defense Defense Time % Phy DF OF
1 Joni Pitkanen Filip Kuba 60 1 2 2
2 Andrei Markov Adam Pardy 40 1 2 2
Penalty Kill 4 Players Forward
Center Wing Time % Phy DF OF
1 Dany Heatley Henrik Sedin 60 1 2 2
2 Daniel Sedin Georges Laraque 40 1 2 2
Penalty Kill 4 Players Defense
Defense Defense Time % Phy DF OF
1 Joni Pitkanen Filip Kuba 60 1 2 2
2 Andrei Markov Adam Pardy 40 1 2 2
Penalty Kill - 3 Players Forward
Forward Time % Phy DF OF
1 Dany Heatley 60 1 2 2
2 Henrik Sedin 40 1 2 2
Penalty Kill - 3 Players Defense
Defense Defense Time % Phy DF OF
1 Joni Pitkanen Filip Kuba 60 1 2 2
2 Andrei Markov Adam Pardy 40 1 2 2
4 vs 4 Forward
Center Wing Time % Phy DF OF
1 Dany Heatley Henrik Sedin 60 1 2 2
2 Daniel Sedin Georges Laraque 40 1 2 2
4 vs 4 Defense
Defense Defense Time % Phy DF OF
1 Joni Pitkanen Filip Kuba 60 1 2 2
2 Andrei Markov Adam Pardy 40 1 2 2
Last Minutes Offensive
Center Left Wing Right Wing Defense Defense
Henrik Sedin Dany Heatley Georges Laraque Joni Pitkanen Filip Kuba
Last Minutes Defensive
Center Left Wing Right Wing Defense Defense
Henrik Sedin Dany Heatley Georges Laraque Joni Pitkanen Filip Kuba
Goaltenders
Starting : Tyler Weiman
Backup : Martin Biron
Extra Forwards
Normal : Tomas Fleischmann, Patrick Eaves, Adam Mair - PP : Tomas Fleischmann, Patrick Eaves - PK : Adam Mair
Extra Defensemen
Normal : Alex Pietrangelo, Michael Stone, Andrei Markov - PP : Alex Pietrangelo - PK : Michael Stone, Andrei Markov
Penalty Shots
Dany Heatley, Henrik Sedin, Daniel Sedin, Georges Laraque, Mikko Koivu
% Time on Ice - Sénateurs
Lines # - Real PCT - Wanted PCT - Time Play
Normal Forward
1 - 34% - 40% - 16:48
2 - 27% - 30% - 13:16
3 - 21% - 20% - 10:12
4 - 18% - 10% - 8:56
Normal Defense
1 - 39% - 40% - 19:07
2 - 30% - 30% - 14:53
3 - 26% - 20% - 12:39
4 - 5% - 10% - 2:33
PP Forward
1 - 58% - 60% - 4:02
2 - 42% - 40% - 2:58
PP Defense
1 - 58% - 60% - 4:02
2 - 42% - 40% - 2:58
PK Forward
1 - 83% - 60% - 3:10
2 - 17% - 40% - 0:38
PK Defense
1 - 60% - 60% - 2:17
2 - 40% - 40% - 1:31
PK3 Forward
1 - 0% - 60%
2 - 0% - 40%
PK3 Defense
1 - 0% - 60%
2 - 0% - 40%
44 Forward
1 - 0% - 60%
2 - 0% - 40%
44 Defense
1 - 0% - 60%
2 - 0% - 40%
Last Minute Offensive - 0:00
Last Minute Defensive - 0:00
Total
Forward - 60:00
Defense - 60:00
|
% Time on Ice - Sharks
Lines # - Real PCT - Wanted PCT - Time Play
Normal Forward
1 - 34% - 40% - 16:37
2 - 25% - 30% - 12:10
3 - 23% - 20% - 11:15
4 - 19% - 10% - 9:10
Normal Defense
1 - 38% - 40% - 18:49
2 - 30% - 30% - 14:34
3 - 27% - 20% - 13:21
4 - 5% - 10% - 2:28
PP Forward
1 - 58% - 60% - 2:12
2 - 42% - 40% - 1:36
PP Defense
1 - 66% - 60% - 2:30
2 - 34% - 40% - 1:18
PK Forward
1 - 86% - 60% - 6:00
2 - 14% - 40% - 1:00
PK Defense
1 - 59% - 60% - 4:09
2 - 41% - 40% - 2:51
PK3 Forward
1 - 0% - 60%
2 - 0% - 40%
PK3 Defense
1 - 0% - 60%
2 - 0% - 40%
44 Forward
1 - 0% - 60%
2 - 0% - 40%
44 Defense
1 - 0% - 60%
2 - 0% - 40%
Last Minute Offensive - 0:00
Last Minute Defensive - 0:00
Total
Forward - 60:00
Defense - 60:00
|
Play by Play
1st period
0:01 of 1st period - Henrik Sedin wins face-off versus Andy McDonald in neutral zone.
0:10 of 1st period - Snap shot by Henrik Sedin.
0:10 of 1st period - Stopped by Jonas Hiller with a rebound.
0:12 of 1st period - Backhand shot by Joni Pitkanen.
0:12 of 1st period - Shot Blocked by Richard Jackman.
1:09 of 1st period - Slapshot by Andrei Markov.
1:09 of 1st period - Shot Misses the Net.
1:11 of 1st period - Snap shot by Martin Samuelsson.
1:11 of 1st period - Stopped by Jonas Hiller without a rebound.
1:12 of 1st period - Henrik Sedin wins face-off versus Daymond Langkow in Sénateurs zone.
1:15 of 1st period - Wrist shot by Henrik Sedin.
1:15 of 1st period - Stopped by Jonas Hiller without a rebound.
1:16 of 1st period - Daymond Langkow wins face-off versus Henrik Sedin in Sénateurs zone.
1:25 of 1st period - Snap shot by Dany Heatley.
1:25 of 1st period - Deflect By Henrik Sedin.
1:25 of 1st period - Shot Hit the Post.
1:25 of 1st period - Puck is out of play.
1:26 of 1st period - Chris Kelly wins face-off versus Mikko Koivu in Sénateurs zone.
3:25 of 1st period - Minor Penalty to Dany Heatley for High sticking.
3:26 of 1st period - Henrik Sedin wins face-off versus Daymond Langkow in Sharks zone.
3:41 of 1st period - Wrist shot by Todd Bertuzzi.
3:41 of 1st period - Shot Misses the Net.
3:53 of 1st period - Joni Pitkanen is hit by Ray Whitney and loses puck.
5:22 of 1st period - Toni Lydman is hit by David Krejci.
5:25 of 1st period - Penalty to Dany Heatley is over, Dany Heatley is back on ice.
5:54 of 1st period - Vernon Fiddler is hit by Daniel Sedin and loses puck.
6:04 of 1st period - Off-side.
6:05 of 1st period - Paul Gaustad wins face-off versus Ryan Callahan in neutral zone.
6:14 of 1st period - Wrist shot by Paul Gaustad.
6:14 of 1st period - Shot Misses the Net.
6:30 of 1st period - Dan Hinote is hit by Georges Laraque.
6:46 of 1st period - Wrist shot by Todd Bertuzzi.
6:46 of 1st period - Goal by Todd Bertuzzi - Sénateurs : 1 - Sharks : 0.
6:47 of 1st period - Henrik Sedin wins face-off versus Todd Bertuzzi in neutral zone.
7:06 of 1st period - Joni Pitkanen is hit by Daymond Langkow and loses puck.
7:25 of 1st period - Wrist shot by Nikita Alexeev.
7:25 of 1st period - Shot Misses the Net.
8:05 of 1st period - Slapshot by Toni Lydman.
8:05 of 1st period - Stopped by Tyler Weiman without a rebound.
8:06 of 1st period - Daymond Langkow wins face-off versus Ian Laperriere in Sharks zone.
8:17 of 1st period - Snap shot by Todd Bertuzzi.
8:17 of 1st period - Shot Misses the Net.
8:31 of 1st period - Daniel Sedin is hit by Nikita Alexeev and loses puck.
8:56 of 1st period - Backhand shot by Patrick Eaves.
8:56 of 1st period - Shot Blocked by Richard Jackman.
9:16 of 1st period - Slapshot by Henrik Sedin.
9:16 of 1st period - Stopped by Jonas Hiller with a rebound.
9:18 of 1st period - Wrist shot by Dany Heatley.
9:18 of 1st period - Stopped by Jonas Hiller with a rebound.
9:20 of 1st period - Backhand shot by Adam Pardy.
9:20 of 1st period - Shot Blocked by Toni Lydman.
9:34 of 1st period - Slapshot by David Krejci.
9:34 of 1st period - Stopped by Jonas Hiller with a rebound.
9:36 of 1st period - Slapshot by Ryan Callahan.
9:36 of 1st period - Goal by Ryan Callahan - Sénateurs : 1 - Sharks : 1.
9:37 of 1st period - Henrik Sedin wins face-off versus Daymond Langkow in neutral zone.
9:48 of 1st period - Slapshot by Henrik Sedin.
9:48 of 1st period - Shot Misses the Net.
9:50 of 1st period - Snap shot by Dany Heatley.
9:50 of 1st period - Shot Misses the Net.
10:02 of 1st period - Richard Jackman is hit by Patrick Eaves.
10:19 of 1st period - Filip Kuba is hit by Andy McDonald and loses puck.
10:48 of 1st period - Slapshot by Todd Bertuzzi.
10:48 of 1st period - Shot Misses the Net.
10:50 of 1st period - Snap shot by Todd Bertuzzi.
10:50 of 1st period - Shot Misses the Net.
10:52 of 1st period - Wrist shot by Daymond Langkow.
10:52 of 1st period - Stopped by Tyler Weiman with a rebound.
11:00 of 1st period - Snap shot by Todd Bertuzzi.
11:00 of 1st period - Stopped by Tyler Weiman with a rebound.
11:02 of 1st period - Snap shot by Andy McDonald.
11:02 of 1st period - Shot Misses the Net.
11:04 of 1st period - Wrist shot by Todd Bertuzzi.
11:04 of 1st period - Goal by Todd Bertuzzi - Sénateurs : 2 - Sharks : 1.
11:05 of 1st period - Henrik Sedin wins face-off versus Chris Kelly in neutral zone.
11:08 of 1st period - Wrist shot by Henrik Sedin.
11:08 of 1st period - Stopped by Jonas Hiller with a rebound.
11:10 of 1st period - Slapshot by Georges Laraque.
11:10 of 1st period - Stopped by Jonas Hiller with a rebound.
11:12 of 1st period - Snap shot by Georges Laraque.
11:12 of 1st period - Deflect By Dany Heatley.
11:12 of 1st period - Shot Hit the Post.
11:12 of 1st period - Puck is out of play.
11:13 of 1st period - Chris Kelly wins face-off versus Henrik Sedin in Sénateurs zone.
11:38 of 1st period - Wrist shot by Henrik Sedin.
11:38 of 1st period - Shot Misses the Net.
11:40 of 1st period - Wrist shot by Alex Pietrangelo.
11:40 of 1st period - Deflect By Dany Heatley.
11:40 of 1st period - Stopped by Jonas Hiller with a rebound.
11:50 of 1st period - Wrist shot by Dany Heatley.
11:50 of 1st period - Shot Misses the Net.
12:42 of 1st period - Vitaly Vishnevsky is hit by Dany Heatley.
12:46 of 1st period - Snap shot by Henrik Sedin.
12:46 of 1st period - Shot Blocked by Sami Kapanen.
12:48 of 1st period - Slapshot by Dany Heatley.
12:48 of 1st period - Deflect By Henrik Sedin.
12:48 of 1st period - Stopped by Jonas Hiller without a rebound.
12:49 of 1st period - Mikko Koivu wins face-off versus Daymond Langkow in Sénateurs zone.
13:21 of 1st period - Joni Pitkanen is hit by Nikita Alexeev and loses puck.
13:40 of 1st period - Snap shot by Travis Moen.
13:40 of 1st period - Shot Misses the Net.
13:42 of 1st period - Snap shot by Dan Hinote.
13:42 of 1st period - Goal by Dan Hinote - Sénateurs : 3 - Sharks : 1.
13:43 of 1st period - Mikko Koivu wins face-off versus Daymond Langkow in neutral zone.
14:08 of 1st period - Toni Lydman is hit by Ryan Callahan and loses puck.
15:10 of 1st period - Wrist shot by Ray Whitney.
15:10 of 1st period - Deflect By Filip Kuba.
15:10 of 1st period - Shot Blocked by Joni Pitkanen.
15:10 of 1st period - Puck is out of play.
15:11 of 1st period - Henrik Sedin wins face-off versus Chris Kelly in Sharks zone.
15:20 of 1st period - Wrist shot by Dany Heatley.
15:20 of 1st period - Goal by Dany Heatley - Sénateurs : 3 - Sharks : 2.
15:21 of 1st period - Mikko Koivu wins face-off versus Daymond Langkow in neutral zone.
15:36 of 1st period - Wrist shot by Andy McDonald.
15:36 of 1st period - Goal by Andy McDonald - Sénateurs : 4 - Sharks : 2.
15:36 of 1st period - Martin Biron enters game.
15:37 of 1st period - Mikko Koivu wins face-off versus Daymond Langkow in neutral zone.
15:52 of 1st period - Wrist shot by Andy McDonald.
15:52 of 1st period - Stopped by Martin Biron with a rebound.
16:25 of 1st period - Wrist shot by Nikita Alexeev.
16:25 of 1st period - Stopped by Martin Biron with a rebound.
16:27 of 1st period - Slapshot by Richard Jackman.
16:27 of 1st period - Deflect By Nikita Alexeev.
16:27 of 1st period - Goal by Nikita Alexeev - Sénateurs : 5 - Sharks : 2.
16:28 of 1st period - Henrik Sedin wins face-off versus Daymond Langkow in neutral zone.
16:37 of 1st period - Slapshot by Henrik Sedin.
16:37 of 1st period - Stopped by Jonas Hiller with a rebound.
16:53 of 1st period - Ray Whitney is hit by Daniel Sedin and loses puck.
17:18 of 1st period - Snap shot by Martin Samuelsson.
17:18 of 1st period - Stopped by Jonas Hiller with a rebound.
17:20 of 1st period - Wrist shot by Martin Samuelsson.
17:20 of 1st period - Stopped by Jonas Hiller with a rebound.
18:02 of 1st period - Todd Bertuzzi is hit by Adam Mair.
18:45 of 1st period - Snap shot by Dany Heatley.
18:45 of 1st period - Stopped by Jonas Hiller without a rebound.
18:46 of 1st period - Daymond Langkow wins face-off versus Henrik Sedin in Sénateurs zone.
19:09 of 1st period - Minor Penalty to Georges Laraque for Hooking.
19:10 of 1st period - Dany Heatley wins face-off versus Daymond Langkow in Sharks zone.
2nd period
0:01 of 2nd period - Daymond Langkow wins face-off versus Dany Heatley in neutral zone.
0:04 of 2nd period - Wrist shot by Daymond Langkow.
0:04 of 2nd period - Shot Misses the Net.
0:06 of 2nd period - Snap shot by Andy McDonald.
0:06 of 2nd period - Stopped by Martin Biron with a rebound.
0:08 of 2nd period - Slapshot by Richard Jackman.
0:08 of 2nd period - Stopped by Martin Biron with a rebound.
0:10 of 2nd period - Wrist shot by Daymond Langkow.
0:10 of 2nd period - Shot Blocked by Henrik Sedin.
0:12 of 2nd period - Snap shot by Daymond Langkow.
0:12 of 2nd period - Goal by Daymond Langkow - Sénateurs : 6 - Sharks : 2.
0:13 of 2nd period - Daymond Langkow wins face-off versus Mikko Koivu in neutral zone.
0:16 of 2nd period - Slapshot by Todd Bertuzzi.
0:16 of 2nd period - Shot Misses the Net.
0:18 of 2nd period - Wrist shot by Todd Bertuzzi.
0:18 of 2nd period - Stopped by Martin Biron without a rebound.
0:19 of 2nd period - Mikko Koivu wins face-off versus Daymond Langkow in Sharks zone.
1:28 of 2nd period - Slapshot by Vitaly Vishnevsky.
1:28 of 2nd period - Stopped by Martin Biron without a rebound.
1:29 of 2nd period - David Krejci wins face-off versus Vernon Fiddler in Sharks zone.
1:52 of 2nd period - Wrist shot by David Krejci.
1:52 of 2nd period - Stopped by Jonas Hiller with a rebound.
2:38 of 2nd period - Keith Ballard is hit by Martin Samuelsson.
2:56 of 2nd period - Snap shot by Vernon Fiddler.
2:56 of 2nd period - Stopped by Martin Biron with a rebound.
2:58 of 2nd period - Slapshot by Toni Lydman.
2:58 of 2nd period - Deflect By Vernon Fiddler.
2:58 of 2nd period - Shot Blocked by Adam Pardy.
2:58 of 2nd period - Puck is out of play.
2:59 of 2nd period - Henrik Sedin wins face-off versus Daymond Langkow in Sharks zone.
3:06 of 2nd period - Slapshot by Joni Pitkanen.
3:06 of 2nd period - Shot Blocked by Vitaly Vishnevsky.
3:24 of 2nd period - Ray Whitney is hit by Filip Kuba and loses puck.
5:06 of 2nd period - Andy McDonald is hit by Dany Heatley and loses puck.
6:55 of 2nd period - Snap shot by Tomas Fleischmann.
6:55 of 2nd period - Deflect By Richard Jackman.
6:55 of 2nd period - Shot Misses the Net.
6:55 of 2nd period - Puck is out of play.
6:56 of 2nd period - Chris Kelly wins face-off versus Georges Laraque in Sénateurs zone.
6:56 of 2nd period - Chris Kelly is hit by Georges Laraque.
7:12 of 2nd period - Keith Ballard is hit by Dany Heatley and loses puck.
7:34 of 2nd period - Icing by Daniel Sedin.
7:35 of 2nd period - Daymond Langkow wins face-off versus Mikko Koivu in Sharks zone.
7:56 of 2nd period - Wrist shot by Daniel Sedin.
7:56 of 2nd period - Shot Misses the Net.
7:58 of 2nd period - Slapshot by Michael Stone.
7:58 of 2nd period - Stopped by Jonas Hiller without a rebound.
7:59 of 2nd period - Henrik Sedin wins face-off versus Chris Kelly in Sénateurs zone.
8:26 of 2nd period - Icing by Paul Gaustad.
8:27 of 2nd period - Paul Gaustad wins face-off versus Tomas Fleischmann in Sénateurs zone.
8:38 of 2nd period - Wrist shot by Paul Gaustad.
8:38 of 2nd period - Stopped by Martin Biron without a rebound.
8:39 of 2nd period - Daymond Langkow wins face-off versus Henrik Sedin in Sharks zone.
8:40 of 2nd period - Snap shot by Andy McDonald.
8:40 of 2nd period - Goal by Andy McDonald - Sénateurs : 7 - Sharks : 2.
8:41 of 2nd period - Henrik Sedin wins face-off versus Daymond Langkow in neutral zone.
8:44 of 2nd period - Vitaly Vishnevsky is hit by Filip Kuba and loses puck.
8:48 of 2nd period - Henrik Sedin beats up Todd Bertuzzi.
8:48 of 2nd period - Penalty to Henrik Sedin for Fighting.
8:48 of 2nd period - Penalty to Todd Bertuzzi for Fighting.
8:49 of 2nd period - Daymond Langkow wins face-off versus Tomas Fleischmann in Sénateurs zone.
8:56 of 2nd period - Slapshot by Vitaly Vishnevsky.
8:56 of 2nd period - Shot Misses the Net.
8:58 of 2nd period - Wrist shot by Daymond Langkow.
8:58 of 2nd period - Stopped by Martin Biron with a rebound.
9:00 of 2nd period - Wrist shot by Daymond Langkow.
9:00 of 2nd period - Stopped by Martin Biron without a rebound.
9:01 of 2nd period - Daymond Langkow wins face-off versus Tomas Fleischmann in Sharks zone.
9:08 of 2nd period - Snap shot by Daymond Langkow.
9:08 of 2nd period - Shot Blocked by Filip Kuba.
9:38 of 2nd period - Wrist shot by Paul Gaustad.
9:38 of 2nd period - Goal by Paul Gaustad - Sénateurs : 8 - Sharks : 2.
9:38 of 2nd period - Tyler Weiman enters game.
9:39 of 2nd period - Chris Kelly wins face-off versus Dany Heatley in neutral zone.
9:42 of 2nd period - Slapshot by Richard Jackman.
9:42 of 2nd period - Deflect By Chris Kelly.
9:42 of 2nd period - Stopped by Tyler Weiman without a rebound.
9:43 of 2nd period - Chris Kelly wins face-off versus Tomas Fleischmann in Sharks zone.
9:48 of 2nd period - Snap shot by Ray Whitney.
9:48 of 2nd period - Shot Misses the Net.
11:15 of 2nd period - Slapshot by Andrei Markov.
11:15 of 2nd period - Shot Blocked by Toni Lydman.
11:33 of 2nd period - Wrist shot by Daymond Langkow.
11:33 of 2nd period - Shot Misses the Net.
12:16 of 2nd period - Slapshot by Patrick Eaves.
12:16 of 2nd period - Shot Misses the Net.
12:28 of 2nd period - Vernon Fiddler is hit by Ian Laperriere and loses puck.
12:47 of 2nd period - Dan Hinote is hit by Adam Pardy and loses puck.
13:01 of 2nd period - Icing by Martin Samuelsson.
13:02 of 2nd period - David Krejci wins face-off versus Daymond Langkow in Sharks zone.
13:33 of 2nd period - Chris Kelly is hit by Daniel Sedin and loses puck.
14:22 of 2nd period - Snap shot by Patrick Eaves.
14:22 of 2nd period - Stopped by Jonas Hiller with a rebound.
14:34 of 2nd period - Snap shot by Tomas Fleischmann.
14:34 of 2nd period - Shot Blocked by Paul Gaustad.
14:36 of 2nd period - Snap shot by Tomas Fleischmann.
14:36 of 2nd period - Goal by Tomas Fleischmann - Sénateurs : 8 - Sharks : 3.
14:37 of 2nd period - Daymond Langkow wins face-off versus Henrik Sedin in neutral zone.
14:49 of 2nd period - Snap shot by Henrik Sedin.
14:49 of 2nd period - Shot Misses the Net.
15:08 of 2nd period - Keith Ballard is hit by Ian Laperriere and loses puck.
15:49 of 2nd period - Off-side.
15:50 of 2nd period - Adam Mair wins face-off versus Vernon Fiddler in neutral zone.
16:11 of 2nd period - Slapshot by Joni Pitkanen.
16:11 of 2nd period - Stopped by Jonas Hiller without a rebound.
16:12 of 2nd period - Henrik Sedin wins face-off versus Daymond Langkow in Sénateurs zone.
16:15 of 2nd period - Wrist shot by Henrik Sedin.
16:15 of 2nd period - Shot Blocked by Andy McDonald.
16:16 of 2nd period - Minor Penalty to Andy McDonald for Interference.
16:17 of 2nd period - Henrik Sedin wins face-off versus Todd Bertuzzi in Sénateurs zone.
16:28 of 2nd period - Wrist shot by Todd Bertuzzi.
16:28 of 2nd period - Stopped by Tyler Weiman without a rebound.
16:29 of 2nd period - Henrik Sedin wins face-off versus Todd Bertuzzi in Sharks zone.
16:34 of 2nd period - Wrist shot by Dany Heatley.
16:34 of 2nd period - Goal by Dany Heatley - Sénateurs : 8 - Sharks : 4.
16:35 of 2nd period - Henrik Sedin wins face-off versus Daymond Langkow in neutral zone.
16:40 of 2nd period - Slapshot by Henrik Sedin.
16:40 of 2nd period - Shot Misses the Net.
16:48 of 2nd period - Wrist shot by Andy McDonald.
16:48 of 2nd period - Stopped by Tyler Weiman without a rebound.
16:49 of 2nd period - Daymond Langkow wins face-off versus Mikko Koivu in Sharks zone.
16:50 of 2nd period - Snap shot by Andy McDonald.
16:50 of 2nd period - Shot Blocked by Filip Kuba.
17:14 of 2nd period - Filip Kuba is hit by Chris Kelly.
18:00 of 2nd period - Slapshot by Martin Samuelsson.
18:00 of 2nd period - Deflect By Vernon Fiddler.
18:00 of 2nd period - Shot Misses the Net.
18:00 of 2nd period - Puck is out of play.
18:01 of 2nd period - Daymond Langkow wins face-off versus David Krejci in Sénateurs zone.
18:51 of 2nd period - Slapshot by Vernon Fiddler.
18:51 of 2nd period - Shot Misses the Net.
19:13 of 2nd period - Richard Jackman is hit by Adam Mair and loses puck.
19:18 of 2nd period - Snap shot by Adam Mair.
19:18 of 2nd period - Shot Misses the Net.
19:33 of 2nd period - Minor Penalty to Adam Pardy for Roughing.
19:34 of 2nd period - Dany Heatley wins face-off versus Daymond Langkow in Sharks zone.
3rd period
0:01 of 3rd period - Dany Heatley wins face-off versus Daymond Langkow in neutral zone.
0:25 of 3rd period - Henrik Sedin is hit by Vitaly Vishnevsky.
0:38 of 3rd period - Icing by Richard Jackman.
0:39 of 3rd period - Dany Heatley wins face-off versus Chris Kelly in Sénateurs zone.
0:56 of 3rd period - Slapshot by Filip Kuba.
0:56 of 3rd period - Shot Blocked by Richard Jackman.
1:33 of 3rd period - Penalty to Adam Pardy is over, Adam Pardy is back on ice.
2:02 of 3rd period - Snap shot by Daniel Sedin.
2:02 of 3rd period - Shot Misses the Net.
2:41 of 3rd period - Snap shot by Martin Samuelsson.
2:41 of 3rd period - Deflect By David Krejci.
2:41 of 3rd period - Stopped by Jonas Hiller without a rebound.
2:42 of 3rd period - David Krejci wins face-off versus Chris Kelly in Sénateurs zone.
2:42 of 3rd period - Minor Penalty to Sami Kapanen for Hooking.
2:43 of 3rd period - Henrik Sedin wins face-off versus Todd Bertuzzi in Sénateurs zone.
4:42 of 3rd period - Penalty to Sami Kapanen is over, Sami Kapanen is back on ice.
5:04 of 3rd period - Patrick Eaves is hit by Travis Moen and loses puck.
5:11 of 3rd period - Tomas Fleischmann is hit by Dan Girardi and loses puck.
5:24 of 3rd period - Off-side.
5:25 of 3rd period - David Krejci wins face-off versus Chris Kelly in neutral zone.
5:30 of 3rd period - Snap shot by David Krejci.
5:30 of 3rd period - Stopped by Jonas Hiller with a rebound.
5:57 of 3rd period - Snap shot by Dany Heatley.
5:57 of 3rd period - Shot Hit the Post.
6:01 of 3rd period - Slapshot by Dany Heatley.
6:01 of 3rd period - Shot Misses the Net.
6:03 of 3rd period - Wrist shot by Georges Laraque.
6:03 of 3rd period - Deflect By Dany Heatley.
6:03 of 3rd period - Shot Misses the Net.
6:03 of 3rd period - Puck is out of play.
6:04 of 3rd period - Mikko Koivu wins face-off versus Daymond Langkow in Sénateurs zone.
6:07 of 3rd period - Snap shot by Daniel Sedin.
6:07 of 3rd period - Goal by Daniel Sedin - Sénateurs : 8 - Sharks : 5.
6:08 of 3rd period - Henrik Sedin wins face-off versus Daymond Langkow in neutral zone.
6:18 of 3rd period - Minor Penalty to Dany Heatley for Roughing.
6:19 of 3rd period - Adam Mair wins face-off versus Daymond Langkow in Sharks zone.
6:34 of 3rd period - Wrist shot by Daymond Langkow.
6:34 of 3rd period - Shot Misses the Net.
8:18 of 3rd period - Penalty to Dany Heatley is over, Dany Heatley is back on ice.
8:23 of 3rd period - Slapshot by Jay McKee.
8:23 of 3rd period - Stopped by Tyler Weiman with a rebound.
8:25 of 3rd period - Slapshot by Dan Girardi.
8:25 of 3rd period - Shot Hit the Post.
8:29 of 3rd period - Slapshot by Paul Gaustad.
8:29 of 3rd period - Stopped by Tyler Weiman with a rebound.
8:31 of 3rd period - Snap shot by Ville Nieminen.
8:31 of 3rd period - Stopped by Tyler Weiman with a rebound.
8:33 of 3rd period - Snap shot by Ville Nieminen.
8:33 of 3rd period - Stopped by Tyler Weiman without a rebound.
8:34 of 3rd period - Henrik Sedin wins face-off versus Paul Gaustad in Sharks zone.
8:39 of 3rd period - Wrist shot by Alex Pietrangelo.
8:39 of 3rd period - Shot Misses the Net.
8:45 of 3rd period - Backhand shot by Henrik Sedin.
8:45 of 3rd period - Stopped by Jonas Hiller with a rebound.
9:24 of 3rd period - Slapshot by Alex Pietrangelo.
9:24 of 3rd period - Stopped by Jonas Hiller with a rebound.
9:38 of 3rd period - Wrist shot by Dany Heatley.
9:38 of 3rd period - Shot Misses the Net.
9:40 of 3rd period - Backhand shot by Michael Stone.
9:40 of 3rd period - Shot Misses the Net.
9:42 of 3rd period - Slapshot by Alex Pietrangelo.
9:42 of 3rd period - Shot Blocked by Daymond Langkow.
10:46 of 3rd period - Tomas Fleischmann is hit by Dan Girardi and loses puck.
11:36 of 3rd period - Snap shot by Chris Kelly.
11:36 of 3rd period - Stopped by Tyler Weiman with a rebound.
11:38 of 3rd period - Slapshot by Ray Whitney.
11:38 of 3rd period - Shot Misses the Net.
11:54 of 3rd period - Wrist shot by Ray Whitney.
11:54 of 3rd period - Stopped by Tyler Weiman with a rebound.
11:56 of 3rd period - Slapshot by Dan Girardi.
11:56 of 3rd period - Stopped by Tyler Weiman without a rebound.
11:57 of 3rd period - Daymond Langkow wins face-off versus Henrik Sedin in Sharks zone.
12:10 of 3rd period - Slapshot by Dany Heatley.
12:10 of 3rd period - Stopped by Jonas Hiller with a rebound.
12:12 of 3rd period - Slapshot by Alex Pietrangelo.
12:12 of 3rd period - Stopped by Jonas Hiller with a rebound.
12:22 of 3rd period - Alex Pietrangelo is hit by Richard Jackman and loses puck.
12:29 of 3rd period - Wrist shot by Nikita Alexeev.
12:29 of 3rd period - Stopped by Tyler Weiman without a rebound.
12:30 of 3rd period - Henrik Sedin wins face-off versus Daymond Langkow in Sharks zone.
12:43 of 3rd period - Snap shot by Daymond Langkow.
12:43 of 3rd period - Shot Misses the Net.
12:45 of 3rd period - Slapshot by Jay McKee.
12:45 of 3rd period - Stopped by Tyler Weiman with a rebound.
14:11 of 3rd period - Icing by Dan Girardi.
14:12 of 3rd period - Daymond Langkow wins face-off versus Henrik Sedin in Sénateurs zone.
14:12 of 3rd period - Daymond Langkow is hit by Dany Heatley.
14:24 of 3rd period - Snap shot by Andy McDonald.
14:24 of 3rd period - Shot Misses the Net.
14:26 of 3rd period - Backhand shot by Todd Bertuzzi.
14:26 of 3rd period - Deflect By Andy McDonald.
14:26 of 3rd period - Stopped by Tyler Weiman with a rebound.
14:28 of 3rd period - Snap shot by Andy McDonald.
14:28 of 3rd period - Shot Misses the Net.
14:30 of 3rd period - Snap shot by Todd Bertuzzi.
14:30 of 3rd period - Stopped by Tyler Weiman without a rebound.
14:31 of 3rd period - Mikko Koivu wins face-off versus Chris Kelly in Sharks zone.
14:46 of 3rd period - Slapshot by Sami Kapanen.
14:46 of 3rd period - Shot Misses the Net.
15:05 of 3rd period - Backhand shot by Georges Laraque.
15:05 of 3rd period - Stopped by Jonas Hiller with a rebound.
15:14 of 3rd period - Icing by Michael Stone.
15:15 of 3rd period - Daymond Langkow wins face-off versus Adam Mair in Sharks zone.
15:20 of 3rd period - Wrist shot by Daymond Langkow.
15:20 of 3rd period - Stopped by Tyler Weiman with a rebound.
15:22 of 3rd period - Wrist shot by Daymond Langkow.
15:22 of 3rd period - Shot Blocked by Alex Pietrangelo.
15:24 of 3rd period - Snap shot by Jay McKee.
15:24 of 3rd period - Deflect By Daymond Langkow.
15:24 of 3rd period - Stopped by Tyler Weiman with a rebound.
15:52 of 3rd period - Ray Whitney is hit by Alex Pietrangelo.
16:26 of 3rd period - Backhand shot by Joni Pitkanen.
16:26 of 3rd period - Shot Misses the Net.
16:28 of 3rd period - Slapshot by Joni Pitkanen.
16:28 of 3rd period - Stopped by Jonas Hiller with a rebound.
16:52 of 3rd period - Snap shot by Vernon Fiddler.
16:52 of 3rd period - Shot Misses the Net.
17:02 of 3rd period - Chris Kelly is hit by Georges Laraque and loses puck.
18:05 of 3rd period - Off-side.
18:06 of 3rd period - David Krejci wins face-off versus Ray Whitney in neutral zone.
18:17 of 3rd period - Snap shot by Chris Kelly.
18:17 of 3rd period - Stopped by Tyler Weiman without a rebound.
18:18 of 3rd period - Daymond Langkow wins face-off versus Henrik Sedin in Sharks zone.
18:27 of 3rd period - Slapshot by Joni Pitkanen.
18:27 of 3rd period - Stopped by Jonas Hiller with a rebound.
18:28 of 3rd period - Minor Penalty to Andy McDonald for Delaying the game.
18:29 of 3rd period - Todd Bertuzzi wins face-off versus Henrik Sedin in Sénateurs zone.
18:55 of 3rd period - Richard Jackman is hit by Ian Laperriere and loses puck.
Output by the SimonT Hockey Simulator (STHS) for François Prévost -- Original Page W3C XHTML 1.0 Valid